Map: Cactus Valley LE (Void)

Players

Railgan - Winner!

  • Race: Zerg Zerg
  • League: Grandmaster
  • Spawn Location: 7:00

Veryn

  • Race: Protoss Protoss
  • League: Master
  • Spawn Location: 5:00

VOD

Have the link to the VOD?

Description

Time

  • Played on: March 4, 2017, 7 p.m.
  • Length: 4:44
Show
View Real Time Build Order
Export as new Build Order

Railgan Zerg - Winner!

Build Orders: Pool First 

Get SALT Encoding   

  12  0:01  Drone  
  13  0:12  Overlord  
  13  0:17  Drone  
  14  0:30  Drone x2  
  14  0:34  Drone  
  17  0:36  Extractor  
  16  0:45  Drone  
  17  0:51  Spawning Pool  
  17  0:55  Drone  
  17  1:06  Drone  
  18  1:21  Hatchery  
  18  1:25  Drone  
  18  1:28  Drone  
  19  1:39  Queen  
  21  1:47  Metabolic Boost  
  21  1:57  Roach Warren  
  21  1:59  Drone  
  21  2:02  Zergling x2  
  22  2:09  Overlord  
  22  2:18  Overlord  
  22  2:39  Roach x3  
  22  2:43  Roach  
  30  2:46  Roach  
  30  2:49  Roach  
  34  2:54  Roach  
  34  2:56  Zergling x2  
  37  3:05  Overlord  
  37  3:07  Zergling x4  
  37  3:12  Zergling x2  
  40  3:14  Ravager  
  40  3:17  Zergling x2  
  40  3:19  Zergling x2  
  43  3:26  Zergling x2  
  44  3:30  Zergling x4  
  44  3:31  Zergling x2  
  43  3:53  Ravager  
  43  3:54  Zergling x2  
  44  3:57  Zergling x2  
  44  3:59  Zergling x2  
  44  4:00  Zergling x6  
  43  4:13  Zergling x8  
  43  4:15  Zergling x2  
  40  4:26  Ravager  
  40  4:40  Ravager  
Show
View Real Time Build Order
Export as new Build Order

Veryn Protoss 

Build Orders: 1 Gate Expand 

Get SALT Encoding   

  12  0:00  Probe (Chrono Boost)  
  13  0:11  Probe (Chrono Boost)  
  14  0:19  Pylon  
  14  0:23  Probe (Chrono Boost)  
  15  0:38  Probe (Chrono Boost)  
  16  0:45  Gateway  
  16  0:48  Assimilator  
  16  0:51  Probe (Chrono Boost)  
  17  1:01  Probe (Chrono Boost)  
  18  1:12  Probe (Chrono Boost)  
  19  1:22  Probe (Chrono Boost)  
  20  1:28  Nexus  
  20  1:40  Cybernetics Core  
  20  1:42  Probe (Chrono Boost)  
  21  1:48  Assimilator  
  21  1:53  Probe (Chrono Boost)  
  22  1:57  Pylon  
  22  2:03  Probe (Chrono Boost)  
  24  2:15  Adept  
  24  2:16  Probe (Chrono Boost)  
  24  2:17  Warp Gate  
  28  2:30  Mothership Core (Chrono Boost)  
  28  2:39  Adept  
  30  2:45  Probe (Chrono Boost)  
  30  2:50  Probe (Chrono Boost)  
  32  2:55  Robotics Facility, Probe (Chrono Boost)  
  33  3:02  Pylon, Probe (Chrono Boost)  
  33  3:05  Adept  
  34  3:06  Probe (Chrono Boost)  
  36  3:14  Probe (Chrono Boost)  
  37  3:21  Probe (Chrono Boost)  
  37  3:22  Gateway  
  38  3:29  Adept, Probe (Chrono Boost)  
  38  3:32  Probe (Chrono Boost)  
  42  3:44  Immortal  
  46  4:12  Probe (Chrono Boost)  
  46  4:16  Pylon  
  42  4:17  Pylon  
  42  4:20  Probe (Chrono Boost)  
  42  4:21  Adept  
  40  4:25  Probe (Chrono Boost)  
  43  4:32  Probe (Chrono Boost)  
Tags
 
Add a new tag
Caveats
  • Supply blocks, unpowered buildings, or Contaminate may cause inaccurate times.
  • Supply counts are checked every 10 seconds.